 Dungeon Crawl Stone Soup version 0.31-a0-963-ga325b2283a (webtiles) character file.

Game seed: 12538681108380754954

837 Maxmaps the Changeling (level 7, -1/49 HPs)
             Began as an Octopode Shapeshifter on Oct 25, 2023.
             Slain by a gnoll sergeant
             ... wielding a +0 trident
              (18 damage)
             ... on level 5 of the Dungeon.
             The game lasted 00:05:02 (4104 turns).

Maxmaps the Changeling (Octopode Shapeshifter)      Turns: 4104, Time: 00:05:02

Health: -1/49      AC:  3    Str: 13    XL:     7   Next: 99%
Magic:  7/7        EV: 13    Int: 14    God:
Gold:   187        SH:  0    Dex: 12    Spells: 6/6 levels left

rFire   . .          .
                       - Unarmed
rCold   . . .        (no shield)
rNeg    . . .        (helmet currently unavailable)
rPois   .            d - amulet of magic regeneration
rElec   .            (no ring)
rCorr   .            (no ring)
SInv    .            (no ring)
Will    .....        (no ring)
Stlth   +++          (no ring)
HPRegen 0.28/turn    (no ring)
MPRegen 0.50/turn    (no ring)
                     (no ring)

%: no passive effects
@: beast-form
A: beast (slay +4), almost no armour, amphibious, 8 rings, camouflage 2,
gelatinous body 1, (nimble swimmer 1), tentacles, iridescent scales 1
a: Begin Untransformation


You were on level 5 of the Dungeon.
You were a hulking beast.
You visited 1 branch of the dungeon, and saw 6 of its levels.

You collected 187 gold pieces.

Inventory:

Armour
 j - a +2 hat
Jewellery
 d - an amulet of magic regeneration (around mantle)
Talismans
 b - a beast talisman
 c - a flux talisman
Wands
 n - a wand of quicksilver (3)
Scrolls
 e - 2 scrolls of teleportation
 i - a scroll of vulnerability
Potions
 f - a potion of magic {unknown}
 g - a potion of haste {unknown}
 h - 2 potions of attraction {unknown}
 k - 2 potions of curing {unknown}
 l - a potion of heal wounds {unknown}
 m - 3 potions of enlightenment {unknown}
 q - a potion of might {unknown}


   Skills:
 + Level 4.5 Fighting
 - Level 2.0 Dodging
 - Level 3.0 Unarmed Combat
 - Level 7.4 Shapeshifting


You had 6 spell levels left.
You didn't know any spells.
Your spell library contained the following spells:

 Spells                   Type           Power      Damage    Failure   Level
 Poisonous Vapours        Pois/Air       0%         N/A       41%         2
 Inner Flame              Hex/Fire       0%         N/A       65%         3
 Mephitic Cloud           Conj/Pois/Air  0%         N/A       65%         3
 Freezing Cloud           Conj/Ice/Air   0%         6-21      100%        5
 Summon Forest            Summ/Tloc      0%         N/A       100%        5
 Summon Mana Viper        Hex/Summ       0%         N/A       100%        5
 Yara's Violent Unravell  Hex/Tmut       0%         3d3       100%        5
 Summon Cactus Giant      Summ           0%         N/A       100%        6
 Enfeeble                 Hex            0%         N/A       100%        7


Dungeon Overview and Level Annotations

Branches:
Dungeon (6/15)
 Temple: D:4-7

Altars:
Kikubaaqudgha
Nemelex Xobeh
Uskayaw
The Shining One

Shops:
D:2 !   D:4 :

Annotations:
D:5 2 runed translucent doors


Innate Abilities, Weirdness & Mutations

You are a hulking beast.
Your limbs bulge with bestial killing power. (Slay +4)
You cannot wear most types of armour.
You are amphibious.
You can wear up to eight rings at the same time.
Your skin blends seamlessly with your surroundings (Stealth++).
Your rubbery body absorbs attacks. (AC +1, EV +1)
((You are camouflaged when in or above water. (Stealth+)))
You have tentacles for arms and can constrict up to eight enemies at once.
You are partially covered in iridescent scales. (AC +2)


Message History

The gnoll sergeant shouts!
A gnoll sergeant is nearby!
The gnoll sergeant hits you with a +0 trident!
You tentacle-slap the gnoll sergeant. You grab the gnoll sergeant.
The gnoll sergeant is lightly wounded.
You constrict the gnoll sergeant.
The gnoll sergeant hits you with a +0 trident!
You tentacle-slap the gnoll sergeant but do no damage.
The gnoll sergeant is lightly wounded.
You constrict the gnoll sergeant.
The gnoll sergeant hits you with a +0 trident!
You are too injured to fight recklessly!
You are too injured to fight recklessly!
You are too injured to fight recklessly!
You are too injured to fight recklessly!
You are too injured to fight recklessly!
You are too injured to fight recklessly!
You are too injured to fight recklessly!
You are too injured to fight recklessly!
You are too injured to fight recklessly!
You are too injured to fight recklessly!
You are too injured to fight recklessly!
You are too injured to fight recklessly!
You are too injured to fight recklessly!
You are too injured to fight recklessly!
You are too injured to fight recklessly!
Unknown command.
It was a potion of mutation.
You feel extremely strange.
Iridescent scales grow over part of your body.
Your natural camouflage becomes more effective.
You constrict the gnoll sergeant, but do no damage.
The gnoll sergeant closely misses you.
You tentacle-slap the gnoll sergeant. You squeeze the gnoll sergeant.
The gnoll sergeant is heavily wounded.
You constrict the gnoll sergeant. The gnoll sergeant misses you.
You tentacle-slap the gnoll sergeant.
The gnoll sergeant is severely wounded.
You constrict the gnoll sergeant.
The gnoll sergeant hits you with a +0 trident!!
You die...

#)# #......#. #####)#
#......## #.....#
#......## #.#####
#...##... #.# #########
##.###############...
####.........#......#...
#...?...####.#..........
#..##...h# #..........
#.#......g.# .........##
#...######.............#
#..# #...[........## #..
.............. #.
.............
#++##....... .. ##.#....
#.#....


You could see a gnoll sergeant.

Vanquished Creatures
  Prince Ribbit (D:5)
  A water moccasin (D:4)
  A phantom (D:4)
  A scorpion (D:5)
  3 jellies
  An orc priest (D:4)
  A hound (D:5)
  2 iguanas
  An orc wizard (D:4)
  5 gnolls (D:5)
  5 adders
  2 worms (D:2)
  A dart slug (D:2)
  2 orcs (D:4)
  10 ball pythons
  8 endoplasms
  4 giant cockroaches
  5 goblins
  7 hobgoblins
  4 jackals (D:4)
  5 quokkas
  10 bats
  5 frilled lizards
  5 kobolds
  11 rats
101 creatures vanquished.

Vanquished Creatures (others)
  A human (D:5)
1 creature vanquished.

Grand Total: 102 creatures vanquished

Notes
Turn   | Place    | Note
-------+----------+-------------------------------------------
     0 | D:1      | Maxmaps the Octopode Shapeshifter began the quest for the
                  | Orb.
     0 | D:1      | Reached XP level 1. HP: 13/13 MP: 1/1
   131 | D:1      | Reached XP level 2. HP: 17/19 MP: 2/2
   277 | D:1      | Found a faded altar of an unknown god.
   792 | D:1      | Reached XP level 3. HP: 25/25 MP: 3/3
  1020 | D:2      | Found a hide-covered altar of Uskayaw.
  1315 | D:2      | Found Deodesm's Distillery.
  1375 | D:2      | Reached XP level 4. HP: 31/31 MP: 4/4
  1764 | D:3      | Reached skill level 4 in Shapeshifting
  1872 | D:3      | Found a glowing golden altar of the Shining One.
  2353 | D:4      | Noticed a water moccasin
  2354 | D:4      | Reached XP level 5. HP: 18/36 MP: 5/5
  2434 | D:4      | Killed a water moccasin
  2435 | D:4      | Reached skill level 5 in Shapeshifting
  2435 | D:4      | Reached XP level 6. HP: 42/42 MP: 6/6
  2550 | D:4      | You fall into a shaft and drop 2 floors!
  2559 | D:6      | Found a sparkling altar of Nemelex Xobeh.
  2575 | D:6      | Found a hide-covered altar of Uskayaw.
  2594 | D:5      | Entered Level 5 of the Dungeon
  2693 | D:4      | Found Ekloddik's Book Boutique.
  2725 | D:4      | Reached skill level 6 in Shapeshifting
  3093 | D:5      | Identified a scroll of acquirement
  3093 | D:5      | Acquired a +2 hat
  3150 | D:5      | Reached XP level 7. HP: 46/46 MP: 7/7
  3161 | D:5      | Found an ancient bone altar of Kikubaaqudgha.
  3190 | D:5      | Noticed Prince Ribbit
  3191 | D:5      | Found a large runed translucent door.
  3192 | D:5      | Found a large runed translucent door.
  3203 | D:5      | Killed Prince Ribbit
  3204 | D:5      | Reached skill level 7 in Shapeshifting
  3793 | D:5      | Noticed a human
  3794 | D:5      | Killed a human
  4102 | D:5      | Gained mutation: You are partially covered in iridescent
                  | scales. (AC +2) [potion of mutation]
  4102 | D:5      | Gained mutation: Your skin blends seamlessly with your
                  | surroundings (Stealth++). [potion of mutation]
  4104 | D:5      | Slain by a gnoll sergeant

Illustrated notes

Levels and vault maps discovered:
D:1:      grunt_arrival_lava_bath, layout_loops_corners, basic_ecumenical_altar
D:2:      layout_basic, basic_altar, serial_shops, nicolae_shop_statue_plus
D:3:      layout_basic, mainiacjoe_overflow_surrounded_room,
          reono_crystal_passage
D:4:      layout_rooms, serial_shops, nicolae_shop_pleasant_corner_grove,
          minmay_tree_intersection
D:5:      layout_basic, tgw_kikubaaqudgha, minmay_hollow_rounded_squares,
          uniq_prince_ribbit1
D:6:      layout_loops_ring, nicolae_uskayaw_dance_hall,
          nzn_wu_jian_council_hall, nemelex_spade_bored_becter,
          mainiacjoe_overflow_six_doors_small

Skill      XL: |  1  2  3  4  5  6  7 |
---------------+----------------------+-----
Fighting       | 2 3 4 |  4.5
Shapeshifting  | 4 5 6 7 |  7.4
Dodging        | |  2.0
Unarmed Combat | |  3.0

Action                     |  1- 3 |  4- 6 |  7- 9 || total
---------------------------+-------+-------+-------++-------
  Melee: Unarmed           |    70 |   105 |    39 ||   214
         Constrict         |    19 |    21 |    10 ||    50
         Tentacles         |    11 |    13 |    10 ||    34
         Punch             |       |     2 |     3 ||     5
    Use: Potion            |       |     1 |     1 ||     2
         Scroll            |       |     7 |       ||     7
   Stab: Sleeping          |     7 |     5 |     2 ||    14
 Armour: Skin              |    31 |    54 |    20 ||   105
  Dodge: Dodged            |    41 |    48 |    18 ||   107

Table legend: (Time is in decaauts)
 A = Elapsed time spent in this place.
 B = Non-inter-level travel time spent in this place.
 C = Inter-level travel time spent in this place.
 D = Time resting spent in this place.
 E = Time spent auto-exploring this place.
 F = Levels seen in this place.
 G = Mean time per level.
                   A        B        C        D        E       F      G
               +--------+--------+--------+--------+--------+-----+--------+
         Total |   4093 |   4005 |     88 |    588 |   2759 |   6 |  682.2 |
       Dungeon |   4093 |   4005 |     88 |    588 |   2759 |   6 |  682.2 |
               +--------+--------+--------+--------+--------+-----+--------+

Top non-repeatable levels by time:
     D:5: 1076 daAuts
     D:1: 994 daAuts
     D:3: 778 daAuts
     D:2: 620 daAuts
     D:4: 579 daAuts
     D:6: 43 daAuts
